 Dungeon Crawl Stone Soup version 0.24-a0-582-g4d4af813a0 (webtiles) character file.

Game seed: 298911280114546928

2029 Goblin1989 the Chopper (level 9, -12/56 HPs)
             Began as a Gargoyle Fighter on Aug 26, 2019.
             Was a Believer of Zin.
             Mangled by an orc warrior
             ... wielding a +0 scimitar
              (20 damage)
             ... on level 7 of the Dungeon.
             The game lasted 00:10:49 (5638 turns).

Goblin1989 the Chopper (Gargoyle Fighter)           Turns: 5638, Time: 00:10:50

Health: -12/56     AC: 20    Str: 22    XL:     9   Next: 23%
Magic:  10/10      EV:  8    Int:  8    God:    Zin [**....]
Gold:   379        SH: 15    Dex:  9    Spells: 8/8 levels left

rFire    . . .     SeeInvis .   a - +0 war axe
rCold    . . .     Gourm    .   D - +0 large shield
rNeg     + . .     Faith    .   m - +0 chain mail
rPois    ∞         Spirit   .   x - +0 helmet
rElec    +         Reflect  .   w - +0 cloak
rCorr    .         Harm     +   (no gloves)
MR       .....                  z - +0 pair of boots
Stlth    ..........             o - amulet of harm
HPRegen  0.18/turn              i - -2 ring of intelligence (curse)
MPRegen  0.12/turn              p - +3 ring of evasion

@: studying Polearms
A: negative energy resistance 1, electricity resistance, unbreathing,
petrification resistance, rot immunity, AC +6
a: Recite, Vitalisation, Donate Gold, Renounce Religion


You were on level 7 of the Dungeon.
You worshipped Zin.
Zin was pleased with you.
You were not hungry.

You visited 2 branches of the dungeon, and saw 8 of its levels.

You collected 421 gold pieces.
You donated 42 gold pieces to Zin.

Inventory:

Hand Weapons
 a - a +0 war axe (weapon)
Armour
 m - a +0 chain mail (worn)
 w - a +0 cloak (worn)
 x - a +0 helmet (worn)
 z - a +0 pair of boots (worn)
 D - a +0 large shield (worn)
Jewellery
 i - a cursed -2 ring of intelligence (left hand)
 l - an uncursed ring of flight
 o - an amulet of harm (around neck)
 p - a +3 ring of evasion (right hand)
Scrolls
 f - 5 scrolls of identify {unknown}
 k - 4 scrolls of teleportation {unknown}
 r - 2 scrolls of amnesia {unknown}
 s - a scroll of fear {unknown}
 t - a scroll of enchant armour {unknown}
 u - 3 scrolls of fog {unknown}
 y - 2 scrolls of remove curse {unknown}
 B - 2 scrolls of random uselessness {unknown}
Potions
 h - 2 potions of magic {unknown}
 j - 2 potions of curing {unknown}
 n - a potion of flight {unknown}
 A - 5 potions of brilliance {unknown}
 E - 2 potions of agility {@q5}
 G - a potion of ambrosia {unknown}
 J - a potion of lignification {unknown}
Books
 H - a manual of Polearms
Comestibles
 e - 10 rations


   Skills:
 + Level 6.3 Fighting
 * Level 6.6 Axes
 + Level 6.3 Armour
 + Level 2.7 Dodging
 + Level 6.4 Shields
 + Level 1.4 Invocations


You had 8 spell levels left.
You didn't know any spells.
Your spell library was empty.

Dungeon Overview and Level Annotations

Branches:
Dungeon (7/15)             Temple (1/1) D:4

Altars:
Ashenzari
Cheibriados
Dithmenos
Elyvilon
Gozag
Hepliaklqana
Kikubaaqudgha
Makhleb
Nemelex Xobeh
Qazlal
Ru
Sif Muna
Trog
Uskayaw
Vehumet
Wu Jian
Xom
Yredelemnul
Zin
The Shining One


Innate Abilities, Weirdness & Mutations

You are resistant to torment.
Your stone body is resilient. (AC +6)
You are immune to poison.
You resist negative energy. (rN+)
You are resistant to electric shocks. (rElec)
You can survive without breathing.
You are immune to petrification.
You are immune to rotting.


Message History

Your shield and chain mail prevent you from hitting the orc.
You closely miss the orc wizard.
You hit the orc wizard but do no damage.
The orc closely misses you. You block the orc's attack.
The orc wizard casts a spell at you.
The puff of frost hits you but does no damage.
You block the orc warrior's attack.
The orc wizard hits you but does no damage.
The orc hits you but does no damage. x2
You hit the orc warrior.
The orc warrior is almost dead.
Your shield and chain mail prevent you from hitting the orc wizard.
You hit the orc wizard.
You kill the orc wizard!
You slash the ogre! You slash the orc!
You kill the orc!
You block the orc wizard's attack. You block the ogre's attack.
The orc warrior hits you but does no damage.
The orc wizard completely misses you. The orc hits you but does no damage.
You hit the orc warrior but do no damage.
The orc warrior is almost dead.
You closely miss the orc wizard. You barely miss the ogre.
The orc wizard hits you but does no damage.
You block the ogre's attack. You block the orc warrior's attack.
The orc wizard hits you but does no damage.
The orc hits you but does no damage.
Your shield prevents you from hitting the orc warrior.
The orc warrior is almost dead.
You closely miss the orc wizard. You slash the ogre!
You block the orc wizard's attack. You block the ogre's attack.
You block the orc warrior's attack. You block the orc's attack.
The orc wizard hits you but does no damage.
Unknown command.
You hit the orc warrior but do no damage.
The orc warrior is almost dead.
Your shield and chain mail prevent you from hitting the orc wizard.
You hit the ogre but do no damage. You block the orc wizard's attack.
You block the ogre's attack.
The orc warrior hits you but does no damage.
You block the orc's attack. You block the orc wizard's attack.
Unknown command.
You hit the orc warrior but do no damage.
The orc warrior is almost dead.
You closely miss the orc wizard. You hit the ogre.
You block the orc wizard's attack. You block the ogre's attack.
You block the orc warrior's attack. The orc closely misses you.
Unknown command.
You hit the orc warrior but do no damage.
The orc warrior is almost dead.
You barely miss the ogre. You hit the orc wizard.
You block the orc wizard's attack. The orc wizard casts a spell at you.
You block the puff of flame. The orc hits you but does no damage.
The orc warrior closely misses you. The ogre closely misses you.
The orc wizard points at you and mumbles some strange words.
The puff of flame hits you.
You take 2 damage, and have 37/56 hp.
You completely miss the orc warrior.
The orc warrior is almost dead.
You completely miss the orc wizard.
Your shield and chain mail prevent you from hitting the ogre.
You block the orc's attack. You block the orc warrior's attack.
The orc wizard barely misses you. The ogre hits you with a +0 giant club!
* * * LOW HITPOINT WARNING * * *
You take 18 damage, and have 19/56 hp.
MASSIVE DAMAGE!!
You are too injured to fight recklessly!
Unknown command.
Unknown command.
You are too injured to fight recklessly!
Unknown command.
You are too injured to fight recklessly!
You closely miss the orc warrior.
The orc warrior is almost dead.
You hit the orc wizard but do no damage.
Your shield prevents you from hitting the ogre.
You block the orc wizard's attack. The orc hits you but does no damage.
You block the orc wizard's attack.
The orc warrior hits you but does no damage.
You block the ogre's attack. The orc barely misses you.
The orc wizard casts a spell at you. The puff of frost hits you!
* * * LOW HITPOINT WARNING * * *
You block the orc warrior's attack.
You take 11 damage, and have 8/56 hp.
Unknown command.
You hit the ogre.
The ogre is severely wounded.
You closely miss the orc warrior. You closely miss the orc wizard.
You block the orc wizard's attack. The ogre barely misses you.
The orc barely misses you. The orc wizard barely misses you.
The orc warrior hits you but does no damage.
Unknown command.
You barely miss the orc warrior.
The orc warrior is almost dead.
You closely miss the orc wizard. You hit the ogre.
The orc wizard points at you and mumbles some strange words.
The puff of frost hits you but does no damage.
The ogre hits you but does no damage. You block the orc's attack.
The orc warrior hits you with a +0 scimitar!
You die...

...............
$...!..........
..............█
█............█
█.........>.█ █..█
█.....o....█ █.(..█
█....(oo.█ █.....█
█.....@).█ █......██
███....O.█ ........██
████†..██ .........█
██......█
.........████...███.█
..........█...███ .█
.......<.█...██ .
█..........███ .█
██.......███


You could see an orc warrior, an ogre, an orc wizard and an orc.

Vanquished Creatures
  Grinder (D:3)
  A hippogriff (D:5)
  Eustachio (D:5)
  A sky beast (D:5)
  An ogre (D:5)
  2 centaurs (D:5)
  A bullfrog (D:6)
  A water moccasin zombie (D:5)
  4 howler monkeys
  4 crimson imps
  A bullfrog zombie (D:6)
  A centaur zombie (D:6)
  A jelly (D:6)
  5 orc wizards
  A hound (D:3)
  2 centaur skeletons
  Jessica (D:2)
  2 iguanas
  Terence (D:2)
  Natasha (twice) (D:3)
  2 worker ants
  A killer bee zombie (D:5)
  A worker ant zombie (D:6)
  Robin (D:3)
  6 adders
  3 gnolls (D:6)
  3 shadow imps
  2 worms
  4 dart slugs
  8 leopard geckos
  15 orcs
  2 giant cockroaches (D:6)
  11 goblins
  3 hobgoblins (D:2)
  9 jackals
  10 kobolds
  2 quokkas
  8 bats
  2 frilled lizards (D:2)
  2 quokka skeletons (D:6)
  10 rats
139 creatures vanquished.

Notes
Turn   | Place    | Note
-------+----------+-------------------------------------------
     0 | D:1      | Goblin1989 the Gargoyle Fighter began the quest for the
                  | Orb.
     0 | D:1      | Reached XP level 1. HP: 14/14 MP: 1/1
   100 | D:1      | Reached XP level 2. HP: 19/19 MP: 2/2
   579 | D:2      | Reached XP level 3. HP: 12/23 MP: 3/3
   821 | D:2      | Found a sparkling altar of Nemelex Xobeh.
   880 | D:2      | Found a faded altar of an unknown god.
   969 | D:2      | Reached XP level 4. HP: 29/29 MP: 4/4
   970 | D:2      | Noticed Terence
   983 | D:2      | Killed Terence
  1032 | D:2      | Noticed Jessica
  1036 | D:2      | Killed Jessica
  1036 | D:2      | Reached XP level 5. HP: 33/33 MP: 5/5
  1393 | D:3      | Noticed Grinder
  1402 | D:3      | Paralysed by Grinder for 7 turns
  1423 | D:3      | Killed Grinder
  1423 | D:3      | Reached XP level 6. HP: 7/39 MP: 6/6
  1855 | D:3      | Noticed Robin
  1862 | D:3      | Killed Robin
  2142 | D:3      | Noticed Natasha
  2151 | D:3      | Killed Natasha
  2151 | D:3      | Reached XP level 7. HP: 41/44 MP: 7/7
  2294 | D:3      | Noticed Natasha
  2301 | D:3      | Killed Natasha
  2341 | D:4      | Found a glowing golden altar of the Shining One.
  2417 | D:4      | Found a white marble altar of Elyvilon.
  2452 | D:4      | Found a staircase to the Ecumenical Temple.
  2472 | Temple   | Entered the Ecumenical Temple
  3400 | D:5      | Entered Level 5 of the Dungeon
  3533 | D:5      | Noticed a hippogriff
  3558 | D:5      | Reached skill level 5 in Shields
  3560 | D:5      | Killed a hippogriff
  3560 | D:5      | Reached skill level 5 in Fighting
  3560 | D:5      | Reached skill level 5 in Axes
  3560 | D:5      | Reached skill level 5 in Armour
  3560 | D:5      | Reached skill level 1 in Dodging
  3562 | D:5      | HP: 2/44 [ogre/+0 giant spiked club (3)]
  3563 | D:5      | Reached XP level 8. HP: 2/49 MP: 8/8
  4188 | D:5      | Noticed Eustachio
  4201 | D:5      | Killed Eustachio
  4818 | D:6      | Found a shimmering blue altar of Sif Muna.
  5013 | D:6      | Found a glowing silver altar of Zin.
  5016 | D:6      | Became a worshipper of Zin the Law-Giver
  5016 | D:6      | Reached * piety under Zin
  5046 | D:6      | Reached XP level 9. HP: 55/55 MP: 9/9
  5172 | D:6      | Reached skill level 1 in Invocations
  5266 | D:6      | Reached ** piety under Zin
  5500 | D:6      | Found an ornate altar of the Wu Jian Council.
  5500 | D:6      | Found a shimmering altar of Xom.
  5638 | D:7      | Mangled by an orc warrior

Levels and vault maps discovered:
D:1:      minmay_arrival_open_corners, layout_rooms
D:2:      layout_rooms, nemelex_xobeh_ov_fountains_minmay,
          chequers_ecumenical_altar_simple_redux, uniq_jessica, uniq_terence
D:3:      layout_basic, uniq_robin, uniq_natasha, uniq_grinder
D:4:      layout_basic, nicolae_overflow_crystal_walls, tso_altar,
          minmay_temple_entry_sparse_star, first_ration, minmay_misc_feat_room
D:5:      layout_cave_pods, minmay_manual_mandibuliform, uniq_eustachio
D:6:      layout_basic, zin_statuary, gammafunk_temple_overflow_wave,
          basic_altar, item_on_display_a
D:7:      layout_cave_pods, lemuel_coloured_pillars_altar, uniq_joseph
Temple:   oiseaux_autumnal_temple

Skill      XL: |  1  2  3  4  5  6  7  8  9 |
---------------+----------------------------+-----
Axes           | 2 3 4 5 6 |  6.6
Fighting       | 4 5 6 |  6.3
Armour         | 4 5 6 |  6.3
Shields        | 4 5 6 |  6.4
Dodging        | 1 2 |  2.7
Invocations    | 1 |  1.4

Action                   |  1- 3 |  4- 6 |  7- 9 || total
-------------------------+-------+-------+-------++-------
Melee: War axe           |   132 |   112 |   312 ||   556
  Use: Potion            |       |     1 |     1 ||     2
  Eat: Chunk             |     1 |     4 |    11 ||    16
Armor: Scale mail        |    80 |    57 |    26 ||   163
       Chain mail        |       |       |   163 ||   163
Dodge: Dodged            |    67 |    52 |    80 ||   199
Block: Shield            |    96 |    55 |    27 ||   178
       Large shield      |       |       |   242 ||   242

Table legend:
 A = Non-vault XP
 B = Vault XP
 C = Vault XP percentage of total XP
 D = Non-vault monster count
 E = Vault monster count
 F = Vault count percentage of total count
                 A         B        C        D         E       F
            +---------+---------+-------+---------+---------+-------
      Total |    1830 |    1069 |  36.9 |     122 |      17 |  12.2
            +---------+---------+-------+---------+---------+-------
        D:1 |      26 |       0 |   0.0 |      15 |       0 |   0.0
        D:2 |      75 |      73 |  49.3 |      26 |       2 |   7.1
        D:3 |     165 |     343 |  67.5 |      19 |       9 |  32.1
        D:4 |      78 |       0 |   0.0 |      13 |       0 |   0.0
        D:5 |     707 |     653 |  48.0 |      20 |       6 |  23.1
        D:6 |     636 |       0 |   0.0 |      25 |       0 |   0.0
        D:7 |     143 |       0 |   0.0 |       4 |       0 |   0.0
            +---------+---------+-------+---------+---------+-------

Levels and vault maps discovered:
D:1:      minmay_arrival_open_corners, layout_rooms
D:2:      layout_rooms, nemelex_xobeh_ov_fountains_minmay,
          chequers_ecumenical_altar_simple_redux, uniq_jessica, uniq_terence
D:3:      layout_basic, uniq_robin, uniq_natasha, uniq_grinder
D:4:      layout_basic, nicolae_overflow_crystal_walls, tso_altar,
          minmay_temple_entry_sparse_star, first_ration, minmay_misc_feat_room
D:5:      layout_cave_pods, minmay_manual_mandibuliform, uniq_eustachio
D:6:      layout_basic, zin_statuary, gammafunk_temple_overflow_wave,
          basic_altar, item_on_display_a
D:7:      layout_cave_pods, lemuel_coloured_pillars_altar, uniq_joseph
Temple:   oiseaux_autumnal_temple
